 Dungeon Crawl Stone Soup version 0.30-a0-737-gf23d94013f (webtiles) character file.

Game seed: 5278773238130740163

1934 retardedninja the Cleaver (level 9, -1/81 HPs)
             Began as a Hill Orc Fighter on Feb 1, 2023.
             Killed by divine providence
             ... invoked by an orc priest
              (12 damage)
             ... on level 6 of the Dungeon.
             The game lasted 00:07:04 (5424 turns).

retardedninja the Cleaver (Hill Orc Fighter)        Turns: 5424, Time: 00:07:05

Health: -1/81      AC: 18    Str: 23    XL:     9   Next: 17%
Magic:  9/9        EV:  5    Int:  8    God:
Gold:   205        SH:  9    Dex: 10    Spells: 8/8 levels left

rFire   . . .      SeeInvis .    v - +1 broad axe (freeze)
rCold   . . .      Faith    .    i - +0 kite shield
rNeg    . . .      Spirit   .    q - +0 plate armour
rPois   .          Reflect  .    o - +1 hat
rElec   .          Harm     .    w - +0 cloak
rCorr   .          Rampage  .    (no gloves)
Will    .....                    n - +2 pair of boots Stlth
                                 (no amulet)
HPRegen 0.33/turn                (no ring)
MPRegen 0.11/turn                (no ring)

@: studying Polearms
A: no striking features
a: Convert to Beogh


You were on level 6 of the Dungeon.
You visited 1 branch of the dungeon, and saw 6 of its levels.

You collected 205 gold pieces.

Inventory:

Hand Weapons
 a - a +0 war axe
 v - a +1 broad axe of freezing (weapon)
Armour
 i - a +0 kite shield (worn)
 n - a +2 pair of boots (worn)
 o - a +1 hat (worn)
 q - a +0 plate armour (worn)
 w - a +0 cloak (worn)
Jewellery
 u - a ring of poison resistance
Scrolls
 e - a scroll of teleportation {unknown}
 f - a scroll of blinking {unknown}
 g - 2 scrolls of vulnerability
 h - a scroll of enchant weapon {unknown}
 k - a scroll of noise {unknown}
 t - 2 scrolls of torment {unknown}
 x - a scroll of fog
 y - a scroll of fear
Potions
 c - a potion of magic {unknown}
 j - 4 potions of mutation
 l - a potion of resistance {unknown}
 m - 4 potions of degeneration
 p - 2 potions of lignification
 r - 2 potions of curing {unknown}
 s - 2 potions of heal wounds {unknown}


   Skills:
 + Level 7.9 Fighting
 + Level 8.0 Axes
 + Level 7.2 Armour
 + Level 7.2 Shields


You had 8 spell levels left.
You didn't know any spells.
Your spell library was empty.

Dungeon Overview and Level Annotations

Branches:
Dungeon (6/15)
 Temple: D:4-7

Altars:
Dithmenos

Shops:
D:1 [   D:5 *   D:6 ?

Annotations:
D:5 3 runed translucent doors, Dittersdorf's ghost, novice GrFi


Message History

You barely miss the gnoll.
The orc priest mumbles some strange prayers to Beogh against you.
Beogh smites you! The gnoll hits you but does no damage.
The orc warrior hits you from afar with a +0 trident.
You closely miss the gnoll. You block the gnoll's attack.
You block the orc warrior's attack.
The orc warrior hits you but does no damage.
The gnoll hits you but does no damage.
You slash the gnoll! You freeze the gnoll.
You kill the gnoll!
The orc priest begins to cast a cantrip, but forgets the words!
The orc warrior unwields a +0 trident.
The orc warrior wields a +0 arbalest.
The orc warrior shoots a bolt.
The bolt hits you!
* * * LOW HITPOINT WARNING * * *
The orc warrior unwields a +0 arbalest.
The orc warrior wields a +0 trident.
You block the orc warrior's attack.
Things that are here:
a +0 whip; a gnoll corpse You hit the orc warrior but do no damage.
The orc warrior hits you but does no damage.
You hit the orc warrior. You freeze the orc warrior.
The orc warrior is lightly wounded.
You block the orc warrior's attack.
You barely miss the orc warrior.
The orc warrior is lightly wounded.
The orc warrior hits you but does no damage.
The orc warrior hits you with a +0 trident!
* * * LOW HITPOINT WARNING * * *
You hit the orc warrior but do no damage.
The orc warrior is lightly wounded.
The orc warrior hits you but does no damage.
You closely miss the orc warrior.
The orc warrior is lightly wounded.
The orc warrior barely misses you.
You barely miss the orc warrior.
The orc warrior is lightly wounded.
The orc warrior hits you but does no damage.
The orc priest invokes the aid of Beogh against you.
Beogh smites you!
You die...

#### ..# #.# ##.##
#.#####...##########
#..........)@ooggo..
#.###)......#######.
#.........#
#.......#)#
##....###.####
#....# #....# #.####
####.# ...# #.# ##
#.# o#


You could see an orc warrior, an orc priest, 2 gnolls and an orc.

Vanquished Creatures
  Pikel (D:4)
  Eustachio (D:4)
  A steam dragon (D:6)
  A water moccasin (D:5)
  3 black bears
  A centaur (D:6)
  3 scorpions (D:5)
  A howler monkey (D:5)
  3 hounds
  2 jellies (D:5)
  2 orc priests
  3 iguanas
  An orc wizard (D:3)
  Terence (D:2)
  A gnoll (D:6)
  3 adders
  2 white imps
  A worm (D:2)
  2 dart slugs
  14 orcs
  9 ball pythons
  9 endoplasms
  3 giant cockroaches
  5 goblins
  9 hobgoblins
  9 kobolds
  6 quokkas
  2 bats
  5 frilled lizards
  6 rats
110 creatures vanquished.

Notes
Turn   | Place    | Note
-------+----------+-------------------------------------------
     0 | D:1      | retardedninja the Hill Orc Fighter began the quest for the
                  | Orb.
     0 | D:1      | Reached XP level 1. HP: 19/19 MP: 1/1
    45 | D:1      | Reached XP level 2. HP: 17/27 MP: 2/2
    60 | D:1      | Reached skill level 3 in Axes
    97 | D:1      | Found Keatorey's Antique Armour Shoppe.
   533 | D:1      | Reached XP level 3. HP: 33/33 MP: 3/3
  1472 | D:2      | Reached XP level 4. HP: 36/40 MP: 4/4
  1494 | D:2      | Noticed Terence
  1513 | D:2      | Killed Terence
  2059 | D:3      | You fall into a shaft and drop 3 floors!
  2237 | D:5      | Entered Level 5 of the Dungeon
  2244 | D:5      | Noticed a scorpion
  2278 | D:4      | Noticed Eustachio
  2333 | D:4      | Killed Eustachio
  2334 | D:4      | Reached skill level 5 in Fighting
  2334 | D:4      | Reached skill level 4 in Axes
  2334 | D:4      | Reached XP level 5. HP: 12/48 MP: 5/5
  2334 | D:4      | Reached XP level 6. HP: 15/56 MP: 6/6
  3439 | D:4      | Noticed Pikel
  3465 | D:4      | Killed Pikel
  3466 | D:4      | Reached skill level 6 in Axes
  3466 | D:4      | Reached skill level 5 in Armour
  3466 | D:4      | Reached skill level 5 in Shields
  3466 | D:4      | Reached XP level 7. HP: 42/63 MP: 7/7
  3818 | D:4      | Reached XP level 8. HP: 58/71 MP: 8/8
  4313 | D:5      | Found Feidgh's Assorted Antiques.
  4371 | D:5      | Found a shadowy altar of Dithmenos.
  4450 | D:5      | Found a runed translucent gate.
  4450 | D:5      | Found a runed translucent gate.
  4450 | D:5      | Found a runed translucent gate.
  4478 | D:5      | Noticed Dittersdorf's ghost (novice GrFi)
  4529 | D:5      | Reached skill level 7 in Axes
  5181 | D:6      | Found Heucri's Magic Scroll Emporium.
  5218 | D:6      | Reached XP level 9. HP: 74/79 MP: 9/9
  5250 | D:6      | Reached skill level 8 in Axes
  5424 | D:6      | Killed from afar by an orc priest

Illustrated notes

Levels and vault maps discovered:
D:1:      lemuel_arrival_behind_the_door_large, layout_loops_cross,
          serial_shops, shop, minmay_unequal
D:2:      layout_basic, serial_curves, eino_curves_02, eino_curves_04,
          chequers_serial_rivers_small_3, uniq_terence
D:3:      layout_basic
D:4:      layout_loops_ring, kennysheep_minor_cross, minmay_manual_moon,
          uniq_eustachio, uniq_pikel
D:5:      layout_loops_ring, nicolae_dithmenos_through_a_glass_darkly,
          gammafunk_ghost_icy, serial_shops, shop,
          chequers_serial_rivers_micro_b, small_statue_intersection
D:6:      layout_loops_ring, serial_shops, shop_statue

Skill      XL: |  1  2  3  4  5  6  7  8  9 |
---------------+----------------------------+-----
Axes           | 3 4 6 7 8 |  8.0
Fighting       | 4 5 6 7 |  7.9
Armour         | 4 5 6 7 |  7.2
Shields        | 4 5 6 7 |  7.2

Action                     |  1- 3 |  4- 6 |  7- 9 || total
---------------------------+-------+-------+-------++-------
  Melee: War axe           |   146 |   141 |       ||   287
         Broad axe         |       |    25 |   127 ||   152
    Use: Scroll            |       |     3 |     3 ||     6
         Potion            |       |       |     1 ||     1
 Armour: Scale mail        |    41 |       |       ||    41
         Chain mail        |    39 |    14 |       ||    53
         Plate armour      |       |   147 |    98 ||   245
  Dodge: Dodged            |    63 |    54 |    31 ||   148
  Block: Buckler           |    28 |    36 |       ||    64
         Kite shield       |       |    13 |    70 ||    83

Table legend: (Time is in decaauts)
 A = Elapsed time spent in this place.
 B = Non-inter-level travel time spent in this place.
 C = Inter-level travel time spent in this place.
 D = Time resting spent in this place.
 E = Time spent auto-exploring this place.
 F = Levels seen in this place.
 G = Mean time per level.
                   A        B        C        D        E       F      G
               +--------+--------+--------+--------+--------+-----+--------+
         Total |   5594 |   5430 |    164 |   1271 |   3090 |   6 |  932.3 |
       Dungeon |   5594 |   5430 |    164 |   1271 |   3090 |   6 |  932.3 |
               +--------+--------+--------+--------+--------+-----+--------+

Top non-repeatable levels by time:
     D:4: 1370 daAuts
     D:2: 1050 daAuts
     D:5: 944 daAuts
     D:3: 841 daAuts
     D:1: 836 daAuts
     D:6: 550 daAuts
